 Dungeon Sprint DCSS version 0.29-a0-119-g4040846114 (webtiles) character file.

Game seed: 7564300331982807065

760 mhtbhm the Arsonist (level 7, -7/36 HPs)
             Began as a Deep Elf Fire Elementalist on Feb 19, 2022.
             Was a Priest of Vehumet.
             Mangled by a slime creature (11 damage)
             ... in the Dungeon (Sprint V: "Ziggurat Sprint").
             The game lasted 00:02:11 (328 turns).

mhtbhm the Arsonist (Deep Elf Fire Elementalist)     Turns: 328, Time: 00:02:12

Health: -7/36      AC:  5    Str:  5    XL:     7   Next: 51%
Magic:  15/22      EV: 18    Int: 34    God:    Vehumet [***...]
Gold:   0          SH:  0    Dex: 24    Spells: 16/26 levels left

rFire   + . .      SeeInvis .   C - +8 lance "Wyrmbane" {slay drac, rPois rF+ rC+ AC+3}
rCold   + + +      Faith    .   (no shield)
rNeg    . . .      Spirit   .   a - +0 robe
rPois   +          Reflect  .   (no helmet)
rElec   .          Harm     .   (no cloak)
rCorr   .          Rampage  .   (no gloves)
Will    .....      NoTele   +   (no boots)
Stlth   ++++......              (no amulet)
HPRegen 0.12/turn               y - +6 ring of intelligence
MPRegen 0.18/turn               u - ring "Bekkokun" {rC+++ Will- Int+6 Dex+9}

@: no status effects
A: no striking features
a: Renounce Religion


You were in the Dungeon.
You worshipped Vehumet.
Vehumet was most pleased with you.
You visited 1 branch

Inventory:

Hand Weapons
 C - the +8 lance "Wyrmbane" (weapon) {slay drac, rPois rF+ rC+ AC+3}
   (You found it in the Dungeon)

   It inflicts extra damage against dragons and draconians.
   AC:        It affects your AC (+3).
   rF:        It protects you from fire.
   rC:        It protects you from cold.
   rPois:     It protects you from poison.
Armour
 a - a +0 robe (worn)
Jewellery
 u - the ring "Bekkokun" (right hand) {rC+++ Will- Int+6 Dex+9}
   (You found it in the Dungeon)

   [ring of intelligence]

   Int:       It affects your intelligence (+6).
   Dex:       It affects your dexterity (+9).
   rC:        It renders you almost immune to cold.
   Will:      It decreases your willpower.
 y - a +6 ring of intelligence (left hand)
Wands
 r - a wand of mindburst (7)
 s - a wand of iceblast (3)
 t - a wand of acid (7)
Scrolls
 g - 4 scrolls of blinking
 m - 4 scrolls of amnesia
 n - 6 scrolls of fog
 o - a scroll of holy word
 p - 5 scrolls of identify
 q - 2 scrolls of fear
Potions
 b - 6 potions of curing
 c - 10 potions of heal wounds
 d - 6 potions of haste
 e - 7 potions of magic
 f - 3 potions of berserk rage
 h - 2 potions of brilliance
 i - 2 potions of invisibility
 j - 4 potions of resistance
 k - a potion of experience
 l - 5 potions of might
Miscellaneous
 B - a lightning rod (4/4)


   Skills:
 + Level 7.5 Dodging
 + Level 7.2 Stealth
 + Level 10.2 Spellcasting
 + Level 2.1 Conjurations
 + Level 13.4 Fire Magic
 + Level 2.7 Evocations


You had 16 spell levels left.
You knew the following spells:

 Your Spells              Type           Power      Damage    Failure   Level
a - Foxfire               Conj/Fire      100%       2x1d9     1%          1
b - Scorch                Fire           100%       2d10      0%          2
c - Inner Flame           Hex/Fire       58%        N/A       1%          3
d - Flame Wave            Conj/Fire      63%        2d12      1%          4

Your spell library contained the following spells:

 Spells                   Type           Power      Damage    Failure   Level
 Static Discharge         Conj/Air       24%        N/A       1%          2
 Conjure Flame            Conj/Fire      63%        6-21      1%          3
 Chain Lightning          Conj/Air       12%        3d16      100%        9
 Fire Storm               Conj/Fire      31%        8d8       100%        9
 Shatter                  Erth           8%         3d10*     100%        9


Dungeon Overview and Level Annotations

Branches:
Dungeon (1/1)

Altars:
Ashenzari
Cheibriados
Dithmenos
Elyvilon
Fedhas
Gozag
Hepliaklqana
Kikubaaqudgha
Makhleb
Nemelex Xobeh
Okawaru
Qazlal
Ru
Sif Muna
Trog
Uskayaw
Vehumet
Wu Jian
Xom
Yredelemnul
Zin
The Shining One
Beogh
Jiyva
Lugonu

Annotations:
D 1 transporter


Message History

Casting: Flame Wave (dangerous; 1% risk of failure)
Confirm with . or Enter, or press ? or * to list all spells.
Okay, then.
Unknown command.
Casting: Flame Wave (dangerous; 1% risk of failure)
Confirm with . or Enter, or press ? or * to list all spells.
Casting: Flame Wave (dangerous; 1% risk of failure)
Press: ? - help, Dir - look around, f - activate A wave of flame ripples out!
The flame wave engulfs the slime creature!
The slime creature is lightly wounded.
The flame wave engulfs the endoplasm!
You kill the endoplasm!
Vehumet accepts your kill.
Vehumet is now aiding your destructive spells.
You feel your power returning.
The flame wave engulfs the slime creature!
The slime creature is moderately wounded. (Press . to intensify the flame waves.)
The slime creature misses you. The slime creature hits you!
Unknown command.
Unknown command.
A wave of flame ripples out!
The flame wave engulfs the slime creature!
The slime creature is heavily wounded.
The flame wave engulfs the slime creature!
The slime creature is heavily wounded.
The slime creature hits you. The slime creature hits you!
* * * LOW HITPOINT WARNING * * *
Unknown command.
A wave of flame ripples out!
The flame wave engulfs the slime creature!!
The slime creature is severely wounded.
The flame wave engulfs the slime creature!
The slime creature is severely wounded.
The flame wave engulfs the golden eye!
You kill the golden eye!
Vehumet accepts your kill.
You finish channelling waves of flame.
The slime creature hits you!
You die...

▓..©..▓..©..▓▓▓▓▓▓▓
▓▓▓▓▓▓▓▓▓▓▓▓▓▓
▓..8©8...▓
▓..:=G...▓
▓...)....▓
▓...§....▓
▓.§§§§§..▓
▓.§J§J§..▓
▓.§§@§§..▓
▓▓▓▓▓▓▓▓▓▓


You could see 2 slime creatures.

Vanquished Creatures
  A sixfirhy (D)
  A golden eye (D)
  A bullfrog (D)
  3 crimson imps (D)
  2 iguanas (D)
  A shadow imp (D)
  An endoplasm (D)
  A jackal (D)
11 creatures vanquished.

Notes
Turn   | Place    | Note
-------+----------+-------------------------------------------
     0 | D        | mhtbhm the Deep Elf Fire Elementalist began the quest for
                  | the Orb.
     0 | D        | Reached XP level 1. HP: 10/10 MP: 6/6
     0 | D        | Found a shimmering blue altar of Sif Muna.
     0 | D        | Found a bloodstained altar of Trog.
     0 | D        | Found a sacrificial altar of Ru.
     0 | D        | Found a stormy altar of Qazlal.
     0 | D        | Found an iron altar of Okawaru.
     3 | D        | Found a sparkling altar of Nemelex Xobeh.
     3 | D        | Found a blossoming altar of Fedhas.
     3 | D        | Found the +6 Majin-Bo {vamp, MP+6 Int+6}
     3 | D        | Found the +9 heavy crossbow "Sniper" {vorpal, Acc+∞ SInv}
     3 | D        | Found the +10 dark maul {vorpal}
     3 | D        | Found the +15 Maxwell's patent armour {-Cast -Tele rElec
                  | Will+ rCorr}
     3 | D        | Found the +18 shield of the Gong {rElec rN+ Will+ EV-5}
     3 | D        | Found the +14 obsidian axe {vorpal, Mesm Drain Fly SInv}
     3 | D        | Found the +7 great mace "Firestarter" {inner flame, rF++}
     3 | D        | Found the +6 shillelagh "Devastator" {shatter}
     3 | D        | Found the +11 plutonium sword {Contam Stlth-}
     3 | D        | Found the +8 lance "Wyrmbane" {slay drac, rPois rF+ rC+
                  | AC+3}
     3 | D        | Found the +9 sword of Zonguldrok {reap}
     3 | D        | Found the +13 scythe of Curses {drain, Drain}
     3 | D        | Found the +5 sword of Power {vorpal}
     3 | D        | Found the +7 mace of Variability {chain chaos}
     3 | D        | Found the +7 Singing Sword {vorpal, sonic wave}
     3 | D        | Found the +8 storm bow {elec, penet}
     7 | D        | Found a transporter.
     7 | D        | Found an ancient bone altar of Kikubaaqudgha.
     7 | D        | Found a viscous altar of Jiyva.
     7 | D        | Found a corrupted altar of Lugonu.
     7 | D        | Found a hazy altar of Hepliaklqana.
     7 | D        | Found a burning altar of Makhleb.
     7 | D        | Found an opulent altar of Gozag.
    41 | D        | Became a worshipper of Vehumet
    58 | D        | Entered arena 2.
    58 | D        | Noticed a crimson imp
    58 | D        | Noticed a sixfirhy
    58 | D        | Found a transporter.
    60 | D        | Killed a crimson imp
    61 | D        | Reached skill level 6 in Fire Magic
    61 | D        | Reached XP level 2. HP: 15/15 MP: 6/9
    61 | D        | Reached XP level 3. HP: 19/19 MP: 7/11
    61 | D        | Killed a sixfirhy
    61 | D        | Reached * piety under Vehumet
    61 | D        | Offered knowledge of Shock by Vehumet.
    62 | D        | Reached skill level 12 in Fire Magic
    62 | D        | Reached XP level 4. HP: 24/24 MP: 7/17
    62 | D        | Reached XP level 5. HP: 28/28 MP: 7/19
    62 | D        | Reached XP level 6. HP: 32/32 MP: 7/20
    62 | D        | Reached XP level 7. HP: 36/36 MP: 7/22
    73 | D        | Got the ring "Bekkokun" {rC+++ Will- Int+6 Dex+9}
   147 | D        | Entered arena 3.
   147 | D        | Found a transporter.
   149 | D        | Reached ** piety under Vehumet
   258 | D        | Learned a level 2 spell: Scorch
   262 | D        | Learned a level 3 spell: Inner Flame
   267 | D        | Learned a level 4 spell: Flame Wave
   268 | D        | Entered arena 4.
   268 | D        | Found a transporter.
   271 | D        | Offered knowledge of Static Discharge by Vehumet.
   273 | D        | Reached skill level 10 in Spellcasting
   273 | D        | Reached skill level 13 in Fire Magic
   315 | D        | Entered arena 5.
   315 | D        | Noticed a slime creature
   315 | D        | Noticed a slime creature
   315 | D        | Noticed a golden eye
   315 | D        | Found a transporter.
   326 | D        | Reached *** piety under Vehumet
   328 | D        | Killed a golden eye
   328 | D        | Mangled by a slime creature

Illustrated notes

Levels and vault maps discovered:
D:        sprint_v [room_start, room_1, room_2, room_3, room_4, room_5, room_6,
          room_7, room_8, room_9, room_10, room_11, room_12, room_13, room_14,
          room_15, room_16, room_17, room_18, room_19, room_20, room_21,
          room_22, room_23, room_24, room_25, room_26, room_27]

Skill      XL: |  1  2  3  4  5  6  7 |
---------------+----------------------+-----
Dodging        | 3 7 |  7.5
Stealth        | 3 6 7 |  7.2
Spellcasting   | 4 9 10 | 10.2
Fire Magic     | 6 12 13 | 13.4
Conjurations   | 2 |  2.1
Evocations     | 2 |  2.7

Action                   |  1- 3 |  4- 6 |  7- 9 || total
-------------------------+-------+-------+-------++-------
 Cast: Flame Wave        |       |       |     3 ||     3
Evoke: Wand              |     3 |       |     1 ||     4
       Lightning rod     |       |       |     1 ||     1
  Use: Potion            |       |       |     4 ||     4
       Scroll            |       |       |     1 ||     1
Dodge: Dodged            |       |       |    15 ||    15

Table legend: (Time is in decaauts)
 A = Elapsed time spent in this place.
 B = Non-inter-level travel time spent in this place.
 C = Inter-level travel time spent in this place.
 D = Time resting spent in this place.
 E = Time spent auto-exploring this place.
 F = Levels seen in this place.
 G = Mean time per level.
                   A        B        C        D        E       F      G
               +--------+--------+--------+--------+--------+-----+--------+
         Total |    325 |    325 |      0 |    195 |      0 |   1 |  325.0 |
       Dungeon |    325 |    325 |      0 |    195 |      0 |   1 |  325.0 |
               +--------+--------+--------+--------+--------+-----+--------+

Top non-repeatable levels by time:
       D: 325 daAuts
